 Dungeon Crawl Stone Soup version 0.25-a0-42-g6c54e25894 (webtiles) character file.

Game seed: 1718708922280466048, levelgen mode: deterministic

81 Gumption the Grave Robber (level 4, -6/30 HPs)
             Began as a Human Necromancer on Oct 22, 2019.
             Mangled by an ogre
             ... wielding a +0 giant club
              (21 damage)
             ... on level 2 of the Dungeon.
             The game lasted 00:29:54 (2977 turns).

Gumption the Grave Robber (Human Necromancer)       Turns: 2977, Time: 00:29:54

Health: -6/30      AC:  4    Str:  8    XL:     4   Next: 68%
Magic:  0/8        EV: 12    Int: 16    God:
Gold:   152        SH:  0    Dex: 14    Spells: 0/8 levels left

rFire    . . .     SeeInvis .   a - +1 trident
rCold    . . .     Gourm    .   (no shield)
rNeg     . . .     Faith    .   s - -1 leather armour (curse)
rPois    .         Spirit   .   k - +2 hat
rElec    .         Reflect  .   (no cloak)
rCorr    .         Harm     .   (no gloves)
MR       .....                  (no boots)
Stlth    ++........             (no amulet)
HPRegen  0.10/turn              (no ring)
MPRegen  0.11/turn              (no ring)

@: no status effects
A: no striking features
a: no special abilities


You were on level 2 of the Dungeon.
You were not hungry.

You visited 1 branch of the dungeon, and saw 3 of its levels.

You collected 152 gold pieces.

Inventory:

Hand Weapons
 a - a +1 trident (weapon)
 n - a +0 hunting sling
 o - a +0 flail
 q - a cursed -1 whip
Missiles
 c - 133 stones
 m - 7 boomerangs (quivered)
Armour
 g - a +0 leather armour
 k - a +2 hat (worn)
 s - a cursed -1 leather armour (worn)
Scrolls
 b - a scroll of amnesia {unknown}
 h - a scroll of teleportation
 i - a scroll of remove curse {unknown}
 j - a scroll of enchant weapon
 p - a scroll of blinking {unknown}
Potions
 d - a potion of cancellation
 l - a potion of agility
 r - a potion of curing {unknown}
Comestibles
 e - 2 rations


   Skills:
 - Level 2.0 Dodging
 - Level 2.0 Stealth
 + Level 2.8 Spellcasting
 * Level 5.2 Necromancy


You couldn't memorise any spells.
You knew the following spells:

 Your Spells              Type           Power        Failure   Level  Hunger
a - Pain                  Necr           ###.         3%          1    #......
b - Animate Skeleton      Necr           N/A          3%          1    #......
c - Vampiric Draining     Necr           ###.......   10%         3    ###....
z - Regeneration          Chrm/Necr      ##........   28%         3    ###....

Your spell library contained the following spells:

 Spells                   Type           Power        Failure   Level  Hunger
 Animate Dead             Necr           N/A          32%         4    #####..


Dungeon Overview and Level Annotations

Branches:
Dungeon (3/15)

Altars:
Dithmenos


Message History

Confirm with . or Enter, or press ? or * to list all spells.
Aiming: Pain (safe; 3% risk of failure)
Press: ? - help, Shift-Dir - straight line, f/p - ogre
Aim: an ogre, wielding a +0 giant club (severely wounded, chance to defeat MR: 78%)
The ogre writhes in agony.
The ogre closely misses you.
Casting: Pain (safe; 3% risk of failure)
Confirm with . or Enter, or press ? or * to list all spells.
Aiming: Pain (safe; 3% risk of failure)
Press: ? - help, Shift-Dir - straight line, f/p - ogre
Aim: an ogre, wielding a +0 giant club (severely wounded, chance to defeat MR: 78%)
The ogre writhes in agony.
Casting: Pain (safe; 3% risk of failure)
Confirm with . or Enter, or press ? or * to list all spells.
Aiming: Pain (safe; 3% risk of failure)
Press: ? - help, Shift-Dir - straight line, f/p - ogre
Aim: an ogre, wielding a +0 giant club (almost dead, chance to defeat MR: 78%)
The ogre barely resists.
The ogre hits you with a +0 giant club!!
Ouch! That really hurt!
You die...

#.# #........#.# #.# #........#.#
#.# ##....>..#.# #.######
#.........#######
##......###(......##......# ####
.######...........##.####.####...
.## #####.......##.#...........
..### #..####.##.#.##.####.##
....# #....O@.##......# #.##
....# ##.######.....>.# #.##
....# #.<.# #.##.##.# #.##
...#### #...# #.##.##.# #...
......# #...# #.##.##.# ####
##.##.#####...#####.##.##.# #...
##.##.#...........#.##.##.####...
##..................##.##........
##.##.#...........####.#######...


You could see an ogre.

Vanquished Creatures
  A gnoll (D:1)
  2 adders
  2 oozes
  2 worms
  A dart slug (D:3)
  2 leopard geckos (D:1)
  An orc (D:3)
  2 giant cockroaches
  4 goblins
  4 hobgoblins
  6 bats
  A frilled lizard (D:2)
  5 kobolds
  5 rats
38 creatures vanquished.

Vanquished Creatures (collateral kills)
  A kobold (D:2)
  A rat (D:1)
2 creatures vanquished.

Grand Total: 40 creatures vanquished

Notes
Turn   | Place    | Note
-------+----------+-------------------------------------------
     0 | D:1      | Gumption the Human Necromancer began the quest for the Orb.
     0 | D:1      | Reached XP level 1. HP: 13/13 MP: 3/3
     5 | D:1      | Learned a level 1 spell: Animate Skeleton
   229 | D:1      | Reached XP level 2. HP: 14/19 MP: 0/5
   644 | D:1      | Reached XP level 3. HP: 24/24 MP: 6/6
   649 | D:1      | Learned a level 3 spell: Vampiric Draining
  1568 | D:2      | Reached XP level 4. HP: 23/30 MP: 1/7
  1643 | D:2      | Learned a level 3 spell: Regeneration
  1802 | D:2      | Reached skill level 5 in Necromancy
  2075 | D:2      | Found a shadowy altar of Dithmenos.
  2915 | D:3      | Noticed an ogre
  2977 | D:2      | Mangled by an ogre

Levels and vault maps discovered:
D:1:      minmay_arrival_four_circles, layout_basic
D:2:      layout_loops_cross, lemuel_round_altar, first_ration, minmay_tripent
D:3:      layout_loops_ring, grunt_temple_overflow_order_and_chaos_1,
          nicolae_overflow_crystal_walls, minmay_pentangle, uniq_natasha,
          uniq_robin, uniq_grinder

Skill      XL: |  1  2  3  4 |
---------------+-------------+-----
Necromancy     | 5 |  5.2
Dodging        | |  2.0
Stealth        | |  2.0
Spellcasting   | |  2.8

Action                   |  1- 3 |  4- 6 || total
-------------------------+-------+-------++-------
Melee: Flail             |     9 |       ||     9
       Trident           |       |     2 ||     2
Throw: Stone             |    13 |     1 ||    14
       Boomerang         |       |     6 ||     6
 Cast: Pain              |    43 |    44 ||    87
       Animate Skeleton  |    12 |     6 ||    18
  Use: Scroll            |       |     4 ||     4
  Eat: Chunk             |     2 |     2 ||     4
       Ration            |       |     1 ||     1
Armor: Robe              |     3 |       ||     3
       Leather armour    |       |     4 ||     4
Dodge: Dodged            |    24 |    12 ||    36

Table legend:
 A = Non-vault XP
 B = Vault XP
 C = Vault XP percentage of total XP
 D = Non-vault monster count
 E = Vault monster count
 F = Vault count percentage of total count
                 A         B        C        D         E       F
            +---------+---------+-------+---------+---------+-------
      Total |     102 |      15 |  12.8 |      37 |       3 |   7.5
            +---------+---------+-------+---------+---------+-------
        D:1 |      45 |       0 |   0.0 |      19 |       0 |   0.0
        D:2 |      25 |      12 |  32.4 |      11 |       2 |  15.4
        D:3 |      32 |       3 |   8.6 |       7 |       1 |  12.5
            +---------+---------+-------+---------+---------+-------
